 Dungeon Crawl Stone Soup version 0.29.1-12-g30fa7ad0bf (webtiles) character file.

Game seed: 9082835726956219928

34274 Coaxmetal the Warrior (level 13, -2/134 HPs)
             Began as a Minotaur Berserker on Dec 19, 2022.
             Was a High Priest of Trog.
             Shot with an arrow by Nessos (5 damage)
             ... on level 4 of the Lair of Beasts.
             The game lasted 00:34:16 (22145 turns).

Coaxmetal the Warrior (Minotaur Berserker)         Turns: 22145, Time: 00:34:16

Health: -2/134     AC: 17    Str: 23    XL:     13   Next: 41%
Magic:  12/12      EV: 14    Int:  6    God:    Trog [*****.]
Gold:   1069       SH:  4    Dex:  8    Spells: 12/12 levels left

rFire   . . .      SeeInvis .   W - +0 war axe
rCold   + . .      Faith    .   p - +0 buckler
rNeg    . . .      Spirit   .   t - +1 scale mail {rC+}
rPois   .          Reflect  .   (helmet restricted)
rElec   +          Harm     .   x - +0 cloak {Stlth+}
rCorr   .          Rampage  .   D - +0 pair of gloves
Will    +++..                   V - +0 pair of boots of Lifelessness {+Blink rElec Will+ Dex-4}
Stlth   ++........              (no amulet)
HPRegen 1.32/turn               m - +4 ring of evasion
MPRegen 0.13/turn               i - +4 ring of protection

@: lethally poisoned (-2 -> -6), strong-willed, regenerating
A: horns 2, retaliatory headbutt
a: Renounce Religion, Evoke Blink, Berserk, Trog's Hand, Brothers in Arms


You were on level 4 of the Lair of Beasts.
You worshipped Trog.
Trog was extremely pleased with you.
You visited 2 branches of the dungeon, and saw 15 of its levels.
You also visited: Ice Cave.

You collected 1069 gold pieces.

Inventory:

Hand Weapons
 a - a +0 triple crossbow
 b - a +5 battleaxe of freezing
 W - a +0 war axe (weapon)
 Y - the +10 mace "Cobb" {chaos, SInv}
   (You found it on level 2 of the Dungeon)

   Each time it hits an enemy it has a different, random effect.
   SInv:      It lets you see invisible.
Missiles
 H - 5 silver javelins (quivered)
 O - 5 javelins
Armour
 p - a +0 buckler (worn)
 t - a +1 scale mail of cold resistance (worn)
 x - a +0 cloak of stealth (worn)
 D - a +0 pair of gloves (worn)
 E - +0 acid dragon scales
 G - a +2 plate armour of cold resistance
 V - the +0 pair of boots of Lifelessness (worn) {+Blink rElec Will+ Dex-4}
   (You found it on level 9 of the Dungeon)

   Dex:       It affects your dexterity (-4).
   rElec:     It insulates you from electricity.
   +Blink:    It lets you blink.
   Will:      It increases your willpower.
Jewellery
 h - a ring of protection from fire
 i - a +4 ring of protection (right hand)
 m - a +4 ring of evasion (left hand)
 y - a ring of positive energy
 z - a ring of positive energy
 Q - a ring of poison resistance
 R - a ring of see invisible
Wands
 k - a wand of roots (14)
 s - a wand of charming (5)
 w - a wand of digging (12)
 A - a wand of mindburst (1)
 J - a wand of quicksilver (5)
 K - a wand of polymorph (9)
 M - a wand of flame (13)
Scrolls
 e - a scroll of brand weapon
 f - 3 scrolls of magic mapping
 g - 4 scrolls of enchant armour
 r - 5 scrolls of teleportation
 C - a scroll of enchant weapon
 F - 3 scrolls of blinking
 I - 2 scrolls of fear
 S - a scroll of identify
 X - a scroll of acquirement {unknown}
Potions
 c - 7 potions of heal wounds
 d - 3 potions of cancellation {unknown}
 j - 8 potions of curing
 l - 4 potions of mutation
 o - a potion of resistance {unknown}
 q - 3 potions of degeneration {unknown}
 u - 3 potions of lignification {unknown}
 v - a potion of flight {unknown}
 B - a potion of haste {unknown}
 L - a potion of berserk rage {unknown}
 N - a potion of brilliance {unknown}
 P - a potion of magic {unknown}
 T - a potion of ambrosia {unknown}
 U - 2 potions of invisibility {unknown}
Miscellaneous
 n - a box of beasts


   Skills:
 + Level 18.3 Fighting
 + Level 14.0 Axes
 - Level 0.8 Ranged Weapons
 - Level 5.0 Throwing
 - Level 8.0 Armour
 + Level 2.4 Dodging
 - Level 4.0 Stealth
 - Level 4.0 Shields
 + Level 8.0 Evocations


You had 12 spell levels left.
You didn't know any spells.
Your spell library was empty.

Dungeon Overview and Level Annotations

Branches:
Dungeon (11/15)            Temple (0/1) D:5            Lair (4/5) D:8
  Swamp (0/4) Lair:3       Spider (0/4) Lair:2        IceCv (visited)
  Slime: Lair:4-5       Orc: D:9-12

Altars:
Dithmenos
Nemelex Xobeh
Qazlal
Ru
Trog
Xom

Shops:
D:1 *   D:7 =   D:8 *

Annotations:
D:3 1 runed translucent door, Crazy Yiuf
Lair:4 Nessos


Innate Abilities, Weirdness & Mutations

You have a pair of horns on your head.
You reflexively headbutt those who attack you in melee.


Message History

Nessos casts a spell.
Nessos blinks!
Nessos wields a +3 longbow of flaming.
It bursts into flame!
Nessos shoots an arrow.
The arrow hits you! The arrow burns you.
You are poisoned.
You feel very sick.
Nessos casts a spell.
Nessos blinks!
Nessos shoots an arrow.
The arrow hits you!! The arrow burns you.
You are more poisoned.
Your two-headed ogre goes berserk!
You feel very sick.
Nessos gestures wildly while chanting.
Nessos blinks!
Nessos shoots an arrow.
The arrow hits you but does no damage.
Nessos shoots an arrow.
The arrow hits you! The arrow burns you.
You are more poisoned.
Unknown command.
Your skin crawls.
You feel strong-willed.
You feel extremely sick.
Nessos shoots an arrow.
The arrow hits you. The arrow burns you.
You are more poisoned.
Nessos shoots an arrow.
The arrow hits you!
* * * LOW HITPOINT WARNING * * *
The arrow burns you.
* * * LOW HITPOINT WARNING * * *
You feel better.
Nessos shoots an arrow.
The arrow hits you!
* * * LOW HITPOINT WARNING * * *
The arrow burns you.
You are poisoned.
* * * LOW HITPOINT WARNING * * *
A boulder beetle comes into view.
You feel better.
Nessos shoots an arrow.
The arrow hits you!
* * * LOW HITPOINT WARNING * * *
The arrow burns you.
You are poisoned.
* * * LOW HITPOINT WARNING * * *
Nessos shoots an arrow.
The arrow hits you!
* * * LOW HITPOINT WARNING * * *
The arrow burns you.
You die...

###.#### ##.####
#.#....####..B#.##.#..
......................
.....................
#.................c#
.........).........###
#..<...............#P# #
P.................O..#..P
...:............@........
####+##.###.P.###..##..#
##......# ##### #...#
#.......## ##.##
...####..## .# .# . #...#
.# .........# ..
.........# .( ...8.8.##..
.##


You could see a boulder beetle, Nessos (fast, ally target) and a friendly
two-headed ogre (summoned, berserk).

Vanquished Creatures
  A rakshasa (D:9)
  2 hydras
  2 centaur warriors (D:9)
  A death knight (D:9)
  4 death yaks (Lair:3)
  3 two-headed ogres
  A tengu warrior (D:9)
  2 bog bodies (IceCv)
  A flayed ghost (D:9)
  Pikel (D:6)
  A deep elf pyromancer (D:7)
  2 ugly things (D:9)
  3 manticores (D:9)
  6 elephants
  An ice statue (IceCv)
  Maggie (D:10)
  4 cane toads
  Psyche (D:8)
  8 komodo dragons
  2 anaconda simulacra (IceCv)
  3 trolls
  A meliai (Lair:2)
  A hornet (D:8)
  3 blink frogs (Lair:3)
  A dream sheep (Lair:3)
  Grinder (D:6)
  A vampire (D:10)
  2 wraiths
  23 yaks
  4 wyverns
  A shadow (D:7)
  A dire elephant simulacrum (IceCv)
  A steam dragon (D:9)
  2 basilisks
  A vampire mosquito (D:9)
  2 death yak simulacra (IceCv)
  A harpy simulacrum (IceCv)
  2 acid dragons
  6 water moccasins
  A hydra simulacrum (IceCv)
  2 sky beasts (D:6)
  6 orc warriors
  3 black bears
  An ice beast (D:6)
  An ogre (D:4)
  5 centaurs
  A lemure (D:6)
  A phantom (D:4)
  2 kobold brigands
  Blork the orc (D:6)
  10 bullfrogs
  3 necrophages
  2 gnoll sergeants (D:8)
  A cane toad simulacrum (IceCv)
  5 scorpions
  5 two-headed ogre simulacra (IceCv)
  14 wights
  10 killer bees
  2 elephant simulacra (IceCv)
  5 electric eels
  A howler monkey (D:5)
  2 hounds
  A jelly (D:4)
  5 orc priests
  A gnoll bouda (D:6)
  2 iguanas (D:5)
  6 hell rats (Lair:4)
  11 orc wizards
  3 polar bear simulacra (IceCv)
  6 spriggan simulacra (IceCv)
  4 troll simulacra (IceCv)
  2 wolf simulacra (IceCv)
  17 gnolls
  10 adders
  6 naga simulacra (IceCv)
  7 white imps
  5 ufetubi
  3 worms
  A dart slug (D:5)
  19 orcs
  6 ball pythons
  A bat (D:2)
  6 endoplasms
  6 giant cockroaches
  7 goblins
  6 hobgoblins
  2 jackals (D:3)
  4 quokkas
  A frilled lizard (D:3)
  16 kobolds
  6 rats
358 creatures vanquished.

Vanquished Creatures (collateral kills)
  A polar bear (Lair:3)
  A blink frog (Lair:3)
  A wyvern (Lair:3)
3 creatures vanquished.

Vanquished Creatures (others)
  A gnoll (D:7)
  A bush (Lair:4)
  3 fungi
  6 plants
11 creatures vanquished.

Grand Total: 372 creatures vanquished

Notes
Turn   | Place    | Note
-------+----------+-------------------------------------------
     0 | D:1      | Coaxmetal the Minotaur Berserker began the quest for the
                  | Orb.
     0 | D:1      | Reached XP level 1. HP: 19/19 MP: 0/0
   405 | D:1      | Found Vecail's General Store.
   411 | D:1      | Reached XP level 2. HP: 24/27 MP: 1/1
   513 | D:1      | Reached skill level 4 in Fighting
   687 | D:1      | Reached skill level 1 in Stealth
   724 | D:1      | Found a faded altar of an unknown god.
  1125 | D:2      | Reached XP level 3. HP: 33/33 MP: 2/2
  1260 | D:2      | Identified the +10 mace "Cobb" {chaos, SInv}
  1525 | D:2      | Reached ** piety under Trog
  2222 | D:3      | Reached XP level 4. HP: 41/41 MP: 3/3
  2386 | D:3      | Reached skill level 1 in Shields
  2506 | D:3      | Found a shimmering altar of Xom.
  2507 | D:3      | Found a stormy altar of Qazlal.
  2680 | D:3      | Found a runed translucent door.
  2681 | D:3      | Noticed Crazy Yiuf
  3349 | D:4      | Reached XP level 5. HP: 19/47 MP: 4/4
  3672 | D:4      | Reached skill level 5 in Axes
  3674 | D:4      | Reached skill level 5 in Fighting
  4115 | D:4      | Noticed a phantom
  4296 | D:4      | Found a bloodstained altar of Trog.
  4296 | D:4      | Found a sparkling altar of Nemelex Xobeh.
  4357 | D:4      | Reached XP level 6. HP: 52/56 MP: 5/5
  4723 | D:5      | Entered Level 5 of the Dungeon
  4745 | D:5      | Reached XP level 7. HP: 47/62 MP: 6/6
  4835 | D:5      | Reached skill level 6 in Fighting
  5322 | D:5      | Reached *** piety under Trog
  5323 | D:5      | Found a staircase to the Ecumenical Temple.
  5482 | D:5      | Reached skill level 7 in Fighting
  5482 | D:5      | Reached XP level 8. HP: 64/73 MP: 7/7
  5588 | D:5      | Reached skill level 1 in Evocations
  5968 | D:6      | Noticed Blork the orc
  5969 | D:6      | Found a sacrificial altar of Ru.
  5976 | D:6      | Killed Blork the orc
  6058 | D:6      | Noticed Pikel
  6094 | D:6      | Killed Pikel
  6095 | D:6      | Reached skill level 8 in Fighting
  6294 | D:6      | Reached XP level 9. HP: 82/82 MP: 8/8
  6504 | D:6      | Noticed Grinder
  6531 | D:6      | Killed Grinder
  6532 | D:6      | Reached skill level 9 in Fighting
  7183 | D:7      | Found Paodolitui's Jewellery Shop.
  7189 | D:7      | Noticed a deep elf pyromancer
  7464 | D:7      | Killed a deep elf pyromancer
  7465 | D:7      | Reached skill level 10 in Fighting
  7766 | D:7      | Reached skill level 5 in Evocations
  7879 | D:7      | Reached skill level 10 in Axes
  8702 | D:8      | Reached XP level 10. HP: 63/94 MP: 9/9
  9058 | D:8      | Reached skill level 5 in Armour
  9059 | D:8      | Reached **** piety under Trog
  9158 | D:8      | HP: 6/141 [acid dragon (6)]
  9161 | D:8      | Reached skill level 11 in Fighting
  9663 | D:8      | Found a staircase to the Lair.
  9704 | D:8      | Noticed Psyche
  9714 | D:8      | Killed Psyche
 10188 | D:8      | Paralysed by a hornet for 2 turns
 10658 | D:8      | Found Zoilean's Elemental Accessories.
 10920 | D:8      | Found a shadowy altar of Dithmenos.
 10998 | Lair:1   | Entered Level 1 of the Lair of Beasts
 11211 | Lair:1   | Reached skill level 1 in Throwing
 11539 | Lair:1   | Noticed an elephant
 11540 | Lair:1   | Noticed an elephant
 11541 | Lair:1   | Noticed an elephant
 11618 | Lair:1   | Killed an elephant
 11619 | Lair:1   | Reached XP level 11. HP: 104/104 MP: 10/10
 11673 | Lair:1   | Reached skill level 12 in Fighting
 13123 | Lair:2   | Noticed a four-headed hydra
 13130 | Lair:2   | Killed a five-headed hydra
 13630 | D:9      | Noticed a centaur warrior
 13674 | D:9      | Noticed a white ugly thing
 13682 | D:9      | Noticed a rakshasa
 13689 | D:9      | Killed a white ugly thing
 13703 | D:9      | Killed a rakshasa
 13704 | D:9      | Reached skill level 13 in Fighting
 13705 | D:9      | Noticed a centaur warrior
 13712 | D:9      | Killed a centaur warrior
 13718 | D:9      | Reached XP level 12. HP: 41/115 MP: 11/11
 14036 | D:9      | Noticed a two-headed ogre
 14315 | D:9      | Killed a centaur warrior
 14316 | D:9      | Reached skill level 5 in Throwing
 14415 | D:9      | Killed a two-headed ogre
 14532 | D:9      | Noticed a death knight
 14536 | D:9      | Noticed a tengu warrior
 14537 | D:9      | Noticed a two-headed ogre
 14548 | D:9      | Killed a death knight
 14550 | D:9      | Killed a two-headed ogre
 14893 | D:9      | Reached skill level 14 in Fighting
 14915 | D:9      | Killed a tengu warrior
 15363 | D:9      | Identified the +0 pair of boots of Lifelessness {+Blink
                  | rElec Will+ Dex-4}
 15471 | D:10     | Entered Level 10 of the Dungeon
 16081 | D:10     | Noticed a two-headed ogre
 16090 | D:10     | Killed a two-headed ogre
 16091 | D:10     | Reached skill level 15 in Fighting
 16501 | D:10     | Noticed Maggie
 16516 | D:10     | Killed Maggie
 17806 | Lair:2   | Found a hole to the Spider Nest.
 18064 | Lair:2   | Reached skill level 16 in Fighting
 18741 | Lair:3   | Noticed a death yak
 18741 | Lair:3   | Noticed a death yak
 18742 | Lair:3   | Noticed a death yak
 18743 | Lair:3   | Noticed a death yak
 18756 | Lair:3   | Killed a death yak
 18756 | Lair:3   | Killed a death yak
 18757 | Lair:3   | Reached XP level 13. HP: 116/130 MP: 12/12
 18760 | Lair:3   | Reached skill level 17 in Fighting
 18777 | Lair:3   | Found a frozen archway.
 18786 | IceCv    | Entered an ice cave
 19595 | IceCv    | Reached ***** piety under Trog
 20762 | Lair:3   | Found a staircase to the Swamp.
 20853 | Lair:3   | Reached skill level 18 in Fighting
 22124 | Lair:4   | Noticed Nessos
 22145 | Lair:4   | HP: 3/134 [Nessos/arrow (12)]
 22145 | Lair:4   | Shot with an arrow by Nessos

Illustrated notes

Levels and vault maps discovered:
D:1:      onia_arrival_mini_maze_b, layout_basic,
          shapermc_ecumenical_altar_ellora, serial_shops, shop,
          minmay_misc_feat_rows, st_stairs_1
D:2:      layout_loops_ring, chequers_serial_rivers_micro_e, moated_statue,
          minmay_splitting_lines
D:3:      layout_loops_ring, nicolae_overflow_hidden_temple, serial_glass,
          glass_columns_b, glass_columns_b, glass_columns_c, glass_columns_a,
          glass_columns_c, glass_columns_b, glass_columns_a, glass_columns_b,
          glass_columns_b, glass_columns_a, glass_columns_a, glass_columns_b,
          glass_columns_a, glass_columns_b, st_stairs_9, grunt_ministairs_7,
          kennysheep_generic_room_7, uniq_crazy_yiuf_cottage
D:4:      layout_loops_cross, chequers_temple_overflow_statue_of_worship,
          dk_noncrumbling_4
D:5:      layout_cave_pools, minmay_temple_entry_slanted
D:6:      layout_loops_ring, hangedman_ru_absence,
          chequers_serial_rivers_small_3, uniq_pikel, uniq_grinder,
          uniq_blork_the_orc
D:7:      layout_loops_cross, serial_shops, nicolae_shop_behind_doors
D:8:      layout_basic, nicolae_dithmenos_through_a_glass_darkly,
          david_lair_shrubbed, nicolae_ossuary_entry_plus, minmay_crystal_water,
          nicolae_elemental_shop, palyth_stone_intersect, uniq_psyche
D:9:      layout_cave_pools, nicolae_rejected_hall
D:10:     layout_basic, uniq_maggie
D:11:     layout_basic, ebering_ghost_gozag
Lair:1:   layout_cave_pods
Lair:2:   layout_gridlike, hellmonk_spider_entry_not_the_bees,
          infiniplex_staircase_pool_2
Lair:3:   layout_gridlike, swamp_mist_pool, portal_ice_cave_entry_pillars_1,
          st_stairs_11, serial_bayou_shore_b
Lair:4:   layout_small_grid, nicolae_volcano_entry_vermiform, st_stairs_11,
          beast_lair_carwin_1, grunt_megastairs_2, serial_bayou_shore_a,
          uniq_josephine, uniq_nessos

Skill      XL: |  1  2  3  4  5  6  7  8  9 10 11 12 13 |
---------------+----------------------------------------+-----
Axes           | 4 5 7 8 10 11 12 14 | 14.0
Fighting       | 4 5 7 8 10 11 13 16 18 | 18.3
Stealth        | 1 2 3 4 |  4.0
Shields        | 1 2 3 4 |  4.0
Evocations     | 3 5 6 7 8 |  8.0
Armour         | 4 7 8 |  8.0
Throwing       | 1 4 5 |  5.0
Ranged Weapons | |  0.8
Dodging        | |  2.4

Action                   |  1- 3 |  4- 6 |  7- 9 | 10-12 | 13-15 || total
-------------------------+-------+-------+-------+-------+-------++-------
Melee: Hand axe          |    80 |   114 |   298 |   435 |       ||   927
       Headbutt          |    10 |    18 |    61 |   143 |    43 ||   275
       War axe           |       |       |       |   129 |   183 ||   312
       Battleaxe         |       |       |       |    66 |       ||    66
       Mace              |       |       |       |       |     9 ||     9
Throw: Stone             |     6 |     8 |       |       |       ||    14
       Dart              |       |     8 |    22 |     6 |       ||    36
       Javelin           |       |       |       |    22 |     5 ||    27
Invok: Berserk           |       |     1 |     4 |     8 |     1 ||    14
       Trog's Hand       |       |       |     1 |     3 |     1 ||     5
       Brothers in Arms  |       |       |       |     1 |     1 ||     2
Evoke: Wand              |       |       |     1 |    15 |       ||    16
  Use: Scroll            |       |       |     6 |     8 |     2 ||    16
       Potion            |       |       |       |     2 |     2 ||     4
 Stab: Sleeping          |     2 |     1 |     3 |     3 |       ||     9
Armor: Animal skin       |     9 |       |       |       |       ||     9
       Leather armour    |    10 |    28 |    88 |       |       ||   126
       Chain mail        |       |       |     1 |   168 |       ||   169
       Acid dragon scale |       |       |       |    83 |    12 ||    95
       Scale mail        |       |       |       |       |    70 ||    70
Dodge: Dodged            |    41 |    43 |   108 |   322 |   112 ||   626
Block: Buckler           |     4 |    20 |    44 |    99 |    28 ||   195
